 Dungeon Crawl Stone Soup version 0.29.1-15-g9cfb28693d (webtiles) character file.

Game seed: 6957268350882745148

153 Peloso the Covered (level 5, 0/47 HPs)
             Began as a Minotaur Fighter on Apr 26, 2023.
             Succumbed to a kobold's poison
             ... on level 3 of the Dungeon.
             The game lasted 00:03:15 (2674 turns).

Peloso the Covered (Minotaur Fighter)               Turns: 2674, Time: 00:03:16

Health: 0/47       AC:  7    Str: 20    XL:     5   Next: 12%
Magic:  4/4        EV:  9    Int:  5    God:
Gold:   112        SH:  5    Dex: 12    Spells: 4/4 levels left

rFire   . . .      SeeInvis .   a - +0 long sword
rCold   . . .      Faith    .   c - +0 buckler
rNeg    . . .      Spirit   .   b - +0 scale mail
rPois   .          Reflect  .   (helmet restricted)
rElec   .          Harm     .   (no cloak)
rCorr   .          Rampage  .   (no gloves)
Will    .....                   (no boots)
Stlth   ..........              (no amulet)
HPRegen 0.15/turn               (no ring)
MPRegen 0.09/turn               (no ring)

@: lethally poisoned (0 -> -5)
A: horns 2, retaliatory headbutt
a: no special abilities


You were on level 3 of the Dungeon.
You visited 1 branch of the dungeon, and saw 3 of its levels.

You collected 112 gold pieces.

Inventory:

Hand Weapons
 a - a +0 long sword (weapon)
Armour
 b - a +0 scale mail (worn)
 c - a +0 buckler (worn)
Scrolls
 e - a scroll of blinking {unknown}
 g - a scroll of magic mapping
 h - a scroll of silence {unknown}
 i - a scroll of amnesia
Potions
 d - 2 potions of might
 f - a potion of haste


   Skills:
 + Level 4.5 Fighting
 + Level 4.4 Long Blades
 + Level 4.5 Armour
 + Level 1.0 Dodging
 + Level 0.1 Stealth
 + Level 4.1 Shields


You had 4 spell levels left.
You didn't know any spells.
Your spell library contained the following spells:

 Spells                   Type           Power      Damage    Failure   Level
 Slow                     Hex            0%         N/A       88%         1
 Static Discharge         Conj/Air       0%         3-3/arc   96%         2
 Confusing Touch          Hex            0%         N/A       99%         3
 Vampiric Draining        Necr           0%         2d6       99%         3
 Lightning Bolt           Conj/Air       0%         1d11      100%        5
 Maxwell's Capacitive Co  Air            0%         ∞         100%        8


Dungeon Overview and Level Annotations

Branches:
Dungeon (3/15)

Altars:


Innate Abilities, Weirdness & Mutations

You have a pair of horns on your head.
You reflexively headbutt those who attack you in melee.


Message History

The kobold hits you but does no damage.
You are more poisoned.
You barely miss the kobold.
You headbutt the kobold, but do no damage.
The kobold is severely wounded.
You feel very sick. The kobold hits you but does no damage.
You are more poisoned.
The kobold closely misses you.
You hit the kobold but do no damage.
The kobold is severely wounded.
You feel very sick.
The kobold hits you with a +2 short sword of venom.
You are more poisoned.
You closely miss the kobold. Your headbutt misses the kobold.
The kobold is severely wounded.
You feel very sick.
The kobold hits you with a +2 short sword of venom.
You are lethally poisoned!
You barely miss the kobold. Your headbutt misses the kobold.
The kobold is severely wounded.
* * * LOW HITPOINT WARNING * * *
You feel very sick. You block the kobold's attack.
You hit the kobold.
You kill the kobold!
* * * LOW HITPOINT WARNING * * *
You feel very sick.
* * * LOW HITPOINT WARNING * * *
You feel very sick.
Things that are here:
a +2 short sword of venom; 7 poisoned darts
Okay, then.
Okay, then.
Found a stone staircase leading down.
* * * LOW HITPOINT WARNING * * *
You feel sick.
* * * LOW HITPOINT WARNING * * *
You feel sick.
You die...

.........†####.######.#
......#............##..#
... ####.##......#.[##
.## #.##......#.##
##.##......#.# ........#
#.# .#......# #.#
.#..!...###.#
#...@..##..#
#>.....##)## #..#.####.#
#.#.##)# #)#
.#...##.####.# .#
.....$....#.)#...#
...##.##.†.......#
.........##.##...#
..#..#####.# ...#


There were no monsters in sight!

Vanquished Creatures
  Terence (D:3)
  Robin (D:3)
  A gnoll (D:1)
  4 adders
  2 dart slugs (D:1)
  4 ball pythons (D:1)
  5 bats
  8 endoplasms
  4 giant cockroaches
  5 hobgoblins
  5 kobolds
  3 quokkas
  3 frilled lizards
  13 goblins
  2 rats
61 creatures vanquished.

Notes
Turn   | Place    | Note
-------+----------+-------------------------------------------
     0 | D:1      | Peloso the Minotaur Fighter began the quest for the Orb.
     0 | D:1      | Reached XP level 1. HP: 19/19 MP: 0/0
   104 | D:1      | Reached XP level 2. HP: 25/27 MP: 1/1
   226 | D:1      | Reached XP level 3. HP: 20/33 MP: 2/2
  1434 | D:2      | Found a faded altar of an unknown god.
  1699 | D:2      | Reached XP level 4. HP: 39/41 MP: 3/3
  2199 | D:3      | Noticed Terence
  2217 | D:3      | Killed Terence
  2452 | D:3      | Reached skill level 1 in Dodging
  2473 | D:3      | Noticed Robin
  2481 | D:3      | Killed Robin
  2482 | D:3      | Reached XP level 5. HP: 25/47 MP: 4/4
  2672 | D:3      | HP: 2/47 [poisoned by a kobold]
  2674 | D:3      | Succumbed to a kobold's poison

Illustrated notes

Levels and vault maps discovered:
D:1:      eino_arrival_druids_welcome, layout_loops_ring
D:2:      layout_basic, hellmonk_ecumenical_altar_crossroads
D:3:      layout_rooms, mainiacjoe_overflow_brackets, uniq_robin, uniq_jessica,
          uniq_terence

Skill      XL: |  1  2  3  4 |
---------------+-------------+-----
Fighting       | 4 |  4.5
Armour         | 4 |  4.5
Shields        | 4 |  4.1
Long Blades    | 3 4 |  4.4
Dodging        | 1 |  1.0
Stealth        | |  0.1

Action                   |  1- 3 |  4- 6 || total
-------------------------+-------+-------++-------
Melee: Long sword        |    92 |    81 ||   173
       Headbutt          |    13 |    12 ||    25
  Use: Scroll            |     3 |     2 ||     5
Armor: Scale mail        |    45 |    37 ||    82
Dodge: Dodged            |    36 |    30 ||    66
Block: Buckler           |    18 |    20 ||    38
